 Dungeon Crawl Stone Soup version 0.31.0-12-g77e489cdc1 (webtiles) character file.

Game seed: 13860529138490664623

16 monsoonserge the Sneak (level 2, 0/16 HPs)
             Began as a Spriggan Delver on Feb 21, 2024.
             Slain by a jackal (1 damage)
             ... on level 1 of the Dungeon.
             The game lasted 00:02:06 (508 turns).

monsoonserge the Sneak (Spriggan Delver)             Turns: 508, Time: 00:02:07

Health: 0/16       AC:  2    Str:  8    XL:     2   Next: 37%
Magic:  3/3        EV: 17    Int: 11    God:
Gold:   22         SH:  0    Dex: 16    Spells: 1/1 levels left

rFire   . . .        a - +0 short sword
rCold   . . .        (no shield)
rNeg    . . .        b - +0 robe
rPois   .            (helmet restricted)
rElec   .            (no cloak)
rCorr   .            (gloves unavailable)
SInv    +            (boots unavailable)
Will    .....        (no amulet)
Stlth   ++++         (no ring)
HPRegen 0.22/turn    (no ring)
MPRegen 0.08/turn

%: no passive effects
@: very quick
A: very small, no large weapons, unfitting armour, see invisible, speed 3
a: no special abilities


You were on level 1 of the Dungeon.
You visited 1 branch of the dungeon, and saw 5 of its levels.

You collected 22 gold pieces.

Inventory:

Hand Weapons
 a - a +0 short sword (weapon)
Missiles
 i - 4 poisoned darts (quivered)
Armour
 b - a +0 robe (worn)
 h - a +0 cloak
Wands
 g - a wand of digging (3)
Scrolls
 c - a scroll of fog
 d - a scroll of revelation
 e - a scroll of fear
 k - a scroll of torment {unknown}
 n - a scroll of brand weapon {unknown}
Potions
 f - a potion of haste
 j - a potion of curing {unknown}
 l - a potion of enlightenment {unknown}
 m - a potion of berserk rage {unknown}


   Skills:
 + Level 2.5 Fighting
 * Level 2.3 Short Blades
 + Level 2.8 Dodging
 + Level 7.9 Stealth


You had one spell level left.
You didn't know any spells.
Your spell library contained the following spells:

 Spells                   Type           Power      Damage    Failure   Level
 Sandblast                Erth           0%         2d4       34%         1
 Passwall                 Erth           0%         N/A       71%         3
 Stone Arrow              Conj/Erth      0%         3d7       71%         3
 Brom's Barrelling Bould  Conj/Erth      0%         2d3       98%         4


Dungeon Overview and Level Annotations

Branches:
Dungeon (5/15)
 Temple: D:4-7

Altars:


Innate Abilities, Weirdness & Mutations

You are very small and have problems with some larger weapons.
You are too small for most types of armour.
You have supernaturally acute eyesight. (SInv)
You cover ground extremely quickly. (Speed+++)


Message History

You barely miss the jackal.
The jackal is lightly wounded.
The jackal bites you but does no damage.
The jackal closely misses you.
You barely miss the jackal.
The jackal is lightly wounded.
The jackal misses you. The jackal bites you. The jackal closely misses you.
The jackal bites you.
You hit the jackal.
The jackal is severely wounded.
The jackal misses you. The jackal bites you.
You hit the jackal but do no damage.
The jackal is severely wounded.
The jackal misses you. The jackal bites you.
You hit the jackal.
The jackal is almost dead.
The jackal closely misses you. x2; The jackal completely misses you.
You hit the jackal but do no damage.
The jackal is almost dead.
The jackal completely misses you. The jackal misses you. The jackal bites you.
* * * LOW HITPOINT WARNING * * *
You hit the jackal.
You kill the jackal!
The jackal barely misses you.
A rat comes into view.
Found a scroll labelled HAIFFA BOPETO.
The rat squeaks loudly.
You hit the rat but do no damage. The rat barely misses you.
You barely miss the rat. The rat closely misses you.
You hit the rat.
The rat is heavily wounded.
The jackal closely misses you.
You closely miss the rat.
The rat is heavily wounded.
The jackal bites you.
* * * LOW HITPOINT WARNING * * *
The jackal misses you. The rat misses you. The jackal bites you.
* * * LOW HITPOINT WARNING * * *
The jackal bites you.
You die...

...........## .# ..
...........#. .
..##..b..#..###..
###. #...#....#..#
#.. ..?#
#....#..#...# #..
#..##....###...'###..
#..#...###.......#..
#r#..#..#.......†..
#.@h#....#......###
###h#....†##...##
#...h.......##
###.....##### #######


You could see 2 jackals, a bat (wandering) and a rat.

Vanquished Creatures
  2 ball pythons
  3 goblins
  2 hobgoblins
  2 jackals (D:1)
  A frilled lizard (D:1)
  A kobold (D:2)
  3 rats
14 creatures vanquished.

Notes
Turn   | Place    | Note
-------+----------+-------------------------------------------
     0 | D:5      | monsoonserge the Spriggan Delver began the quest for the
                  | Orb.
     0 | D:5      | Reached XP level 1. HP: 11/11 MP: 2/2
    65 | D:4      | Noticed a scorpion
    66 | D:4      | Noticed a hound
    79 | D:3      | Noticed a bombardier beetle
   250 | D:1      | Reached XP level 2. HP: 16/16 MP: 3/3
   508 | D:1      | Slain by a jackal

Illustrated notes

Levels and vault maps discovered:
D:1:      scummos_arrival_star, layout_basic, serial_park_tiny_2,
          minmay_misc_feat_chi
D:2:      layout_basic
D:3:      layout_basic, minmay_circle_x
D:4:      layout_loops_corners, vehumet_altar_wand_db,
          mainiacjoe_overflow_six_doors_small, serial_shops,
          nicolae_shop_rolling_square, serial_demonic, serial_demonic_e,
          serial_demonic_d, serial_demonic_f, serial_demonic_c,
          serial_demonic_a, serial_demonic_c, serial_demonic_b,
          serial_library_hellmonk_filled_rooms
D:5:      layout_loops_corners, grunt_temple_overflow_open,
          mainiacjoe_overflow_catwalk_spiral, mainiacjoe_overflow_divided_tiny,
          minmay_temple_entry_arrows, ebering_ghost_disaster_area

Action                     || total
---------------------------++-------
  Melee: Short sword       ||    59
   Stab: Sleeping          ||     2
 Armour: Robe              ||    20
  Dodge: Dodged            ||    56
